 Dungeon Crawl Stone Soup version 0.30-a0-1160-g6e42c06551 (webtiles) character file.

Game seed: 6466813339002674578

707 sircluck the Chopper (level 7, -8/61 HPs)
             Began as a Hill Orc Fighter on Apr 25, 2023.
             Was an Initiate of Beogh.
             Killed from afar by Dowan (19 damage)
             ... with a shard of ice
             ... on level 5 of the Dungeon.
             The game lasted 00:06:04 (3783 turns).

sircluck the Chopper (Hill Orc Fighter)             Turns: 3783, Time: 00:06:07

Health: -8/61      AC: 12    Str: 21    XL:     7   Next: 67%
Magic:  7/7        EV:  8    Int:  8    God:    Beogh [......]
Gold:   210        SH:  4    Dex: 10    Spells: 6/6 levels left

rFire   . . .        a - +0 war axe
rCold   . . .        c - +0 buckler
rNeg    . . .        p - +0 chain mail {rPois}
rPois   +            (no helmet)
rElec   .            A - +0 cloak
rCorr   .            r - +0 pair of gloves
SInv    .            (no boots)
Will    .....        (no amulet) Stlth
                     n - ring of flight
HPRegen 0.30/turn    (no ring)
MPRegen 0.10/turn

%: no passive effects
@: flying
A: no striking features
a: Renounce Religion


You were on level 5 of the Dungeon.
You worshipped Beogh.
Beogh was noncommittal.
You visited 1 branch of the dungeon, and saw 5 of its levels.

You collected 210 gold pieces.

Inventory:

Hand Weapons
 a - a +0 war axe (weapon)
Missiles
 j - 62 stones (quivered)
 o - 15 poisoned darts
 F - a boomerang
Armour
 b - a +0 scale mail
 c - a +0 buckler (worn)
 p - a +0 chain mail of poison resistance (worn)
 r - a +0 pair of gloves (worn)
 A - a +0 cloak (worn)
 G - a +0 chain mail
Jewellery
 n - a ring of flight (left hand)
 t - a ring of magical power
 u - a ring of poison resistance
 H - the amulet of Patamuv {Spirit Dex+2}
   (You took it off an orc on level 5 of the Dungeon)

   [amulet of guardian spirit]

   It causes incoming damage to be divided between your reserves of health and
   magic.
   Dex:       It affects your dexterity (+2).
Wands
 y - a wand of polymorph (5)
 B - a wand of digging (5)
 C - a wand of flame (39)
Scrolls
 f - 2 scrolls of identify {unknown}
 g - 2 scrolls of magic mapping {unknown}
 i - 4 scrolls of enchant weapon {unknown}
 k - a scroll of teleportation {unknown}
 l - a scroll of vulnerability {unknown}
 v - a scroll of silence {unknown}
 w - a scroll of noise {unknown}
 x - a scroll of torment {unknown}
 z - a scroll of poison {unknown}
 E - a scroll of enchant armour {unknown}
 I - a scroll of amnesia {unknown}
 J - a scroll of blinking {unknown}
Potions
 d - a potion of might
 e - 5 potions of mutation {unknown}
 h - 2 potions of heal wounds {unknown}
 m - a potion of brilliance {unknown}
 q - a potion of curing
 s - a potion of attraction {unknown}
 D - a potion of lignification {unknown}
 K - a potion of experience {unknown}


   Skills:
 + Level 5.6 Fighting
 + Level 7.3 Axes
 + Level 5.3 Armour
 + Level 1.5 Dodging
 + Level 0.2 Stealth
 + Level 4.2 Shields
 + Level 0.1 Unarmed Combat


You had 6 spell levels left.
You didn't know any spells.
Your spell library contained the following spells:

 Spells                   Type           Power      Damage    Failure   Level
 Magic Dart               Conj           0%         1d3       98%         1
 Call Imp                 Summ           0%         N/A       99%         2
 Mephitic Cloud           Conj/Pois/Air  0%         N/A       100%        3


Dungeon Overview and Level Annotations

Branches:
Dungeon (5/15)
 Temple: D:4-7

Altars:
Ashenzari
Kikubaaqudgha
Wu Jian
Xom

Annotations:
D:5 Dowan


Message History

Dowan barely misses you.
You hit Duvessa.
Duvessa is almost dead.
You hit the hound.
You kill the hound!
Beogh accepts your kill.
You completely miss Dowan. Duvessa hits you but does no damage. x2
You block Dowan's attack.
You hit Duvessa.
You kill Duvessa!
Beogh accepts your kill.
Dowan screams, "No!
Oh no!"
Dowan seems to find hidden reserves of power!
You hit Dowan but do no damage. Dowan hits you but does no damage.
Dowan hits you with a +0 dagger.
* * * LOW HITPOINT WARNING * * *
Your Axes skill increases to level 7!
You slash Dowan!
Dowan is heavily wounded.
Dowan casts a spell at you.
The shard of ice hits you but does no damage.
You hit Dowan but do no damage.
Dowan is heavily wounded.
Dowan casts a spell at you. The shard of ice hits you.
* * * LOW HITPOINT WARNING * * *
Dowan hits you but does no damage.
You hit Dowan but do no damage.
Dowan is heavily wounded.
Dowan mumbles some strange words.
Dowan blinks!
Unknown command.
Dowan attacks as you move away! Dowan hits you but does no damage.
You closely miss Dowan.
Dowan is heavily wounded.
Dowan hits you with a +0 dagger.
* * * LOW HITPOINT WARNING * * *
Dowan gestures at you while chanting. The shard of ice hits you!!
You die...

#.#########.#....#.
#..†........#.....#
.#########..##......
...# #..........
#..## ###.....#####
...##.....###
######........#
........†.....##
.....<.@e......#
.........).^!..#
.....[.........#
...............#
...............#
.........#.....#
........###....#
###### .......##
#..... #..... ...#
##....###'###.


You could see Dowan (fast).

Vanquished Creatures
  Duvessa (D:5)
  An ogre (D:5)
  A scorpion (D:4)
  3 hounds
  A jelly (D:5)
  Ijyb (D:4)
  Natasha (thrice) (D:3)
  An iguana (D:4)
  An orc wizard (D:5)
  Terence (D:2)
  4 gnolls (D:5)
  2 adders (D:2)
  3 worms
  4 dart slugs
  8 orcs
  9 bats
  15 endoplasms
  5 giant cockroaches
  6 hobgoblins
  7 quokkas
  4 ball pythons
  5 frilled lizards
  4 goblins
  2 kobolds
  11 rats
103 creatures vanquished.

Vanquished Creatures (others)
  An orc (D:5)
  A plant (D:3)
2 creatures vanquished.

Grand Total: 105 creatures vanquished

Notes
Turn   | Place    | Note
-------+----------+-------------------------------------------
     0 | D:1      | sircluck the Hill Orc Fighter began the quest for the Orb.
     0 | D:1      | Reached XP level 1. HP: 19/19 MP: 1/1
   117 | D:1      | Reached XP level 2. HP: 27/27 MP: 2/2
   266 | D:1      | Reached XP level 3. HP: 32/33 MP: 3/3
   298 | D:1      | Reached skill level 3 in Axes
   670 | D:1      | Found a faded altar of an unknown god.
  1123 | D:2      | Reached XP level 4. HP: 40/40 MP: 4/4
  1176 | D:2      | Noticed Terence
  1186 | D:2      | Killed Terence
  1187 | D:2      | Reached skill level 4 in Axes
  1664 | D:3      | Noticed Natasha
  1673 | D:3      | Killed Natasha
  1674 | D:3      | Reached XP level 5. HP: 41/47 MP: 5/5
  1816 | D:3      | Noticed Natasha
  1822 | D:3      | Killed Natasha
  2048 | D:3      | Identified the +1 leather armour "Toqac" {+Blink rPois rN+
                  | Str-5}
  2142 | D:3      | Noticed Natasha
  2145 | D:3      | Killed Natasha
  2146 | D:3      | Reached skill level 5 in Axes
  2146 | D:3      | Reached skill level 1 in Dodging
  2296 | D:3      | Found an ancient bone altar of Kikubaaqudgha.
  2515 | D:4      | Identified the +0 robe "Wafowyez" {-Cast rElec rPois rC+}
  2535 | D:4      | Noticed Ijyb
  2545 | D:4      | Killed Ijyb
  2596 | D:4      | Found a shimmering altar of Xom.
  2644 | D:4      | Reached XP level 6. HP: 47/53 MP: 6/6
  2941 | D:4      | Reached skill level 6 in Axes
  3188 | D:4      | Found a glowing drain.
  3295 | D:5      | Entered Level 5 of the Dungeon
  3316 | D:5      | Found a broken altar of Ashenzari.
  3363 | D:5      | Reached skill level 5 in Fighting
  3363 | D:5      | Reached XP level 7. HP: 42/61 MP: 7/7
  3433 | D:5      | Became a worshipper of Beogh the Brigand
  3444 | D:5      | Identified the amulet of Patamuv {Spirit Dex+2}
  3683 | D:5      | Reached skill level 5 in Armour
  3707 | D:5      | Found an ornate altar of the Wu Jian Council.
  3760 | D:5      | Noticed Dowan
  3761 | D:5      | Noticed Duvessa
  3777 | D:5      | Killed Duvessa
  3778 | D:5      | Reached skill level 7 in Axes
  3783 | D:5      | Killed from afar by Dowan

Illustrated notes

Levels and vault maps discovered:
D:1:      nzn_arrival_depleted_hourglass, layout_rooms,
          hellmonk_ecumenical_altar_inner_sanctum, minmay_octomino_c4
D:2:      layout_basic, kennysheep_decorative_pillar, minmay_unequal,
          uniq_terence
D:3:      layout_loops_cross, lemuel_coloured_pillars_altar,
          serial_bayou_pond_a, uniq_natasha
D:4:      layout_loops_cross, mainiacjoe_overflow_catwalk,
          cheibrodos_sewer_entry_bend, kennysheep_generic_room_12, uniq_ijyb
D:5:      layout_cave_pods, lemuel_tele_altar, nicolae_yredelemnul_corpse_copse,
          kennysheep_little_box, uniq_duvessa, uniq_menkaure

Skill      XL: |  1  2  3  4  5  6  7 |
---------------+----------------------+-----
Fighting       | 4 5 |  5.6
Axes           | 3 4 5 6 7 |  7.3
Armour         | 4 5 |  5.3
Shields        | 4 |  4.2
Dodging        | 1 |  1.5
Stealth        | |  0.2
Unarmed Combat | |  0.1

Action                     |  1- 3 |  4- 6 |  7- 9 || total
---------------------------+-------+-------+-------++-------
  Melee: War axe           |   119 |   137 |    62 ||   318
         Unarmed           |       |     4 |       ||     4
 Invoke: Convert to Beogh  |       |       |     1 ||     1
 Armour: Scale mail        |    74 |     1 |       ||    75
         Chain mail        |       |    57 |    34 ||    91
         Skin              |       |     1 |       ||     1
  Dodge: Dodged            |    60 |    54 |    26 ||   140
  Block: Buckler           |    30 |    23 |    14 ||    67

Table legend: (Time is in decaauts)
 A = Elapsed time spent in this place.
 B = Non-inter-level travel time spent in this place.
 C = Inter-level travel time spent in this place.
 D = Time resting spent in this place.
 E = Time spent auto-exploring this place.
 F = Levels seen in this place.
 G = Mean time per level.
                   A        B        C        D        E       F      G
               +--------+--------+--------+--------+--------+-----+--------+
         Total |   3875 |   3846 |     29 |     12 |   2737 |   5 |  775.0 |
       Dungeon |   3875 |   3846 |     29 |     12 |   2737 |   5 |  775.0 |
               +--------+--------+--------+--------+--------+-----+--------+

Top non-repeatable levels by time:
     D:2: 958 daAuts
     D:4: 864 daAuts
     D:3: 789 daAuts
     D:1: 760 daAuts
     D:5: 502 daAuts
